 Dungeon Crawl Stone Soup version 0.29.1-15-g9cfb28693d (webtiles) character file.

Game seed: 14905360193975054864

7717 tizbic2 the Spear-Bearer (level 11, -13/69 HPs)
             Began as an Octopode Fighter on Apr 18, 2023.
             Was an Elder of Hepliaklqana.
             Mangled by a two-headed ogre
             ... wielding a +0 giant spiked club
              (43 damage)
             ... on level 10 of the Dungeon.
             The game lasted 00:41:14 (8306 turns).

tizbic2 the Spear-Bearer (Octopode Fighter)         Turns: 8306, Time: 00:41:15

Health: -13/69     AC:  1    Str: 19    XL:     11   Next: 19%
Magic:  36/36      EV: 17    Int: 18    God:    Hepliaklqana [****..]
Gold:   506        SH:  9    Dex: 11    Spells: 15/19 levels left

rFire   . . .      SeeInvis .   p - +1 demon trident
rCold   . . .      Faith    .   b - +3 buckler
rNeg    + . .      Spirit   .   (helmet restricted)
rPois   .          Reflect  .   j - amulet of regeneration
rElec   .          Harm     .   f - ring of magical power
rCorr   .          Rampage  .   u - +6 ring of intelligence
Will    +....                   r - ring of magical power
Stlth   ++........              q - ring of positive energy
HPRegen 1.01/turn               z - ring of willpower
MPRegen 0.25/turn               J - +4 ring of evasion
                                (no ring)
                                (no ring)

@: no status effects
A: reduced essence, almost no armour, amphibious, 8 rings, camouflage 1,
gelatinous body 1, (nimble swimmer 1), tentacles
a: Renounce Religion, Recall Ancestor, Ancestor Identity, Transference, Idealise


You were on level 10 of the Dungeon.
You worshipped Hepliaklqana.
Hepliaklqana was greatly pleased with you.
You visited 1 branch of the dungeon, and saw 10 of its levels.

You collected 594 gold pieces.
You spent 88 gold pieces at shops.

Inventory:

Hand Weapons
 a - a +1 war axe
 i - a +0 dagger of speed
 p - a +1 demon trident (weapon)
 B - a +0 flail of holy wrath
Missiles
 m - 2 throwing nets
 y - 6 javelins (quivered)
 A - 19 poisoned darts
 H - 3 curare-tipped darts
 L - 4 silver boomerangs
Armour
 b - a +3 buckler (worn)
Magical Staves
 d - a staff of earth
 N - a staff of fire
Jewellery
 f - a ring of magical power (left tentacle)
 j - an amulet of regeneration (around mantle)
 q - a ring of positive energy (on tentacle)
 r - a ring of magical power (on tentacle)
 s - a ring of fire
 u - a +6 ring of intelligence (right tentacle)
 z - a ring of willpower (on tentacle)
 J - a +4 ring of evasion (on tentacle)
Wands
 h - a wand of mindburst (8)
 w - a wand of acid (9)
 I - a wand of paralysis (9)
Scrolls
 g - a scroll of fear
 l - 3 scrolls of immolation
 t - a scroll of amnesia
 v - a scroll of magic mapping
 E - 3 scrolls of poison
 F - 2 scrolls of teleportation
Potions
 c - a potion of flight
 e - 5 potions of curing
 k - 2 potions of heal wounds
 n - 4 potions of haste
 o - 4 potions of mutation
 x - 2 potions of attraction
 C - 3 potions of might
 D - 2 potions of brilliance
 G - a potion of berserk rage {unknown}
 K - a potion of magic {unknown}
 M - a potion of lignification {unknown}


   Skills:
 + Level 8.1 Fighting
 - Level 2.8(7.0) Axes
 * Level 10.1(10.3) Polearms
 - Level 1.0(6.4) Staves
 - Level 3.8 Dodging
 + Level 8.2 Shields
 + Level 4.7 Spellcasting
 - Level 4.7 Summonings
 + Level 0.3 Air Magic
 - Level 2.1 Earth Magic


You had 15 spell levels left.
You knew the following spells:

 Your Spells              Type           Power      Damage    Failure   Level
a - Call Canine Familiar  Summ           21%        N/A       7%          3
b - Shock                 Conj/Air       16%        1d4       16%         1

Your spell library contained the following spells:

 Spells                   Type           Power      Damage    Failure   Level
 Summon Small Mammal      Summ           84%        N/A       2%          1
 Summon Guardian Golem    Hex/Summ       12%        N/A       19%         3
 Swiftness                Air            5%         N/A       41%         3
 Portal Projectile        Hex/Tloc       8%         N/A       45%         3
 Leda's Liquefaction      Hex/Erth       4%         N/A       71%         4
 Airstrike                Air            2%         2d(1-17)  82%         4
 Lee's Rapid Deconstruct  Erth           6%         3d7*      88%         5
 Iskenderun's Battlesphe  Conj           4%         2d6       99%         5
 Iron Shot                Conj/Erth      4%         9d2       100%        6
 Statue Form              Tmut/Erth      5%         N/A       100%        6
 Spellforged Servitor     Conj/Summ      6%         N/A       100%        7


Dungeon Overview and Level Annotations

Branches:
Dungeon (10/15)            Temple (0/1) D:4
   Lair: D:8-11         Orc: D:9-12

Altars:
Hepliaklqana
Nemelex Xobeh

Shops:
D:1 (   D:8 *   D:9 *


Innate Abilities, Weirdness & Mutations

Your life essence is reduced to manifest your ancestor. (-10% HP)
You cannot wear most types of armour.
You are amphibious.
You can wear up to eight rings at the same time.
Your skin changes colour to match your surroundings (Stealth+).
Your rubbery body absorbs attacks. (AC +1, EV +1)
((You are camouflaged when in or above water. (Stealth+)))
You have tentacles for arms and can constrict up to eight enemies at once.


Message History

The gargoyle is destroyed!
You start resting.
HP restored.
You see here a +1 flail of protection.
A two-headed ogre comes into view.
It is wielding a +0 giant spiked club and a +0 giant club.
You now have 483 gold pieces (gained 11).
e - 5 potions of curing (gained 1)
You now have 506 gold pieces (gained 23).
What are your orders? t - Shout!
Orders for allies: a - Attack new target. r - Retreat! s - Stop attacking. g - Guard the area. f - Follow me.
Anything else - Cancel.
Gang up on whom?
Press: ? - help, Dir - move target, f - two-headed ogre
Aim: a two-headed ogre, wielding a +0 giant spiked club and a +0 giant club (asleep) Attack!
Unknown command.
The two-headed ogre shouts in stereo!
Tiberius hits the two-headed ogre with a +0 flail!
Reach: p) +1 demon trident
Press: ? - help, Dir - move target, f/p - two-headed ogre
Aim: a two-headed ogre, wielding a +0 giant spiked club and a +0 giant club (moderately wounded, ally target, about 21% to evade your +1 demon trident)
You reach to attack!
You barely miss the two-headed ogre.
The two-headed ogre is moderately wounded.
You hit the two-headed ogre. You squeeze the two-headed ogre!
The two-headed ogre is heavily wounded.
The two-headed ogre hits you with a +0 giant spiked club!!!
Ouch! That really hurt!
The two-headed ogre closely misses you.
You hit the two-headed ogre.
The two-headed ogre is heavily wounded.
Tiberius barely misses the two-headed ogre.
Unknown command.
You puncture the two-headed ogre!
The two-headed ogre is severely wounded.
The two-headed ogre hits you with a +0 giant spiked club!!!
Ouch! That really hurt!
You die...

#################
.................
#......<......#
#.#######.###.##
#.#...<........#
#
#.#.#####.###..#
##.### ..#
#.###..###......
###
#.#.>....R<.....
# #..)....@O.# #
###......#### #
#........## ..
.............##
###
.###........#.###
# ###..........#
# #....#.#####
##.##..# #.###.#


You could see the friendly Tiberius the knight and a two-headed ogre (ally
target).

Vanquished Creatures
  Maggie (D:8)
  A komodo dragon (D:10)
  2 trolls
  2 yaks (D:9)
  2 shadows
  2 steam dragons
  A water moccasin (D:8)
  An ice beast (D:6)
  3 orc warriors
  A sky beast (D:7)
  2 ogres (D:5)
  2 black bears (D:5)
  A centaur (D:7)
  2 phantoms
  A kobold brigand (D:10)
  A bullfrog (D:6)
  A scorpion (D:5)
  5 wights
  4 killer bees (D:10)
  4 howler monkeys
  3 orc priests
  2 hounds
  Ijyb (D:5)
  4 iguanas
  Natasha (twice) (D:3)
  6 orc wizards
  10 adders
  4 gnolls
  9 river rats (D:5)
  2 ufetubi (D:5)
  2 worms
  A dart slug (D:1)
  36 orcs
  9 bats
  12 endoplasms
  A giant cockroach (D:1)
  3 goblins
  5 hobgoblins
  5 jackals
  11 kobolds
  12 quokkas
  2 ball pythons
  3 frilled lizards (D:1)
  20 rats
204 creatures vanquished.

Vanquished Creatures (collateral kills)
  A two-headed ogre (D:9)
  A gargoyle (D:10)
  A yak (D:9)
  An acid dragon (D:8)
  3 water moccasins
  A sky beast (D:7)
  4 orc warriors
  4 centaurs
  A kobold brigand (D:8)
  A gnoll sergeant (D:7)
  A necrophage (D:6)
  5 wights
  2 killer bees (D:10)
  3 howler monkeys
  A hound (D:5)
  2 orc priests
  A gnoll bouda (D:7)
  An iguana (D:5)
  Natasha (D:3)
  An orc wizard (D:8)
  An adder (D:6)
  3 gnolls (D:7)
  A river rat (D:5)
  22 orcs
  2 goblins (D:4)
  A hobgoblin (D:4)
  2 jackals (D:4)
  7 kobolds
  2 ball pythons
77 creatures vanquished.

Vanquished Creatures (others)
  A knight (D:8)
  8 ancestors
9 creatures vanquished.

Grand Total: 290 creatures vanquished

Notes
Turn   | Place    | Note
-------+----------+-------------------------------------------
     0 | D:1      | tizbic2 the Octopode Fighter began the quest for the Orb.
     0 | D:1      | Reached XP level 1. HP: 16/16 MP: 1/1
   117 | D:1      | Reached XP level 2. HP: 19/21 MP: 2/2
   425 | D:1      | Found Runecs's Weapon Shop.
   429 | D:1      | Reached XP level 3. HP: 22/26 MP: 3/3
  1119 | D:2      | You fall into a shaft and drop 2 floors!
  1504 | D:2      | Found a hazy altar of Hepliaklqana.
  1516 | D:2      | Became a worshipper of Hepliaklqana the Forgotten
  1524 | D:2      | Reached XP level 4. HP: 31/31 MP: 4/4
  2009 | D:2      | Reached XP level 5. HP: 31/36 MP: 5/5
  2369 | D:3      | Reached skill level 1 in Earth Magic
  2692 | D:3      | Reached skill level 1 in Spellcasting
  2698 | D:3      | Identified the +0 ring mail of Powerful Creativity {rC+
                  | Int+2 Slay-2 SInv}
  2831 | D:3      | Reached * piety under Hepliaklqana
  2845 | D:3      | Noticed Natasha
  2852 | D:3      | Killed Natasha
  2890 | D:3      | Reached skill level 1 in Staves
  3021 | D:3      | Reached XP level 6. HP: 38/38 MP: 8/8
  3249 | D:3      | Noticed Natasha
  3255 | D:3      | Killed Natasha
  3303 | D:3      | Noticed Natasha
  3310 | D:3      | Killed Natasha
  3311 | D:3      | Reached skill level 1 in Polearms
  3572 | D:4      | Reached skill level 2 in Polearms
  3690 | D:4      | Found a staircase to the Ecumenical Temple.
  3831 | D:4      | Reached XP level 7. HP: 43/43 MP: 9/9
  4190 | D:5      | Entered Level 5 of the Dungeon
  4310 | D:5      | Noticed a shadow
  4326 | D:5      | Killed a shadow
  4327 | D:5      | Reached skill level 3 in Polearms
  4755 | D:5      | Reached skill level 4 in Polearms
  4862 | D:5      | Reached skill level 5 in Fighting
  4862 | D:5      | Reached skill level 5 in Shields
  4862 | D:5      | Reached XP level 8. HP: 49/49 MP: 10/10
  4931 | D:5      | Found a sparkling altar of Nemelex Xobeh.
  5060 | D:5      | Reached skill level 5 in Polearms
  5237 | D:5      | Noticed Ijyb
  5246 | D:5      | Killed Ijyb
  5578 | D:6      | Reached skill level 6 in Polearms
  5582 | D:6      | Reached ** piety under Hepliaklqana
  5584 | D:6      | Remembered your ancestor Tiberius as a knight
  5610 | D:6      | Noticed a shadow
  5620 | D:6      | Killed a shadow
  5621 | D:6      | Reached XP level 9. HP: 55/55 MP: 11/11
  5962 | D:6      | Reached skill level 7 in Polearms
  6185 | D:7      | Learned a level 3 spell: Call Canine Familiar
  6292 | D:7      | Reached skill level 1 in Summonings
  6323 | D:7      | Reached skill level 8 in Polearms
  6562 | D:7      | Reached *** piety under Hepliaklqana
  6605 | D:8      | Found Vane's Lightly-Used Armoury.
  6879 | D:8      | Reached XP level 10. HP: 58/63 MP: 14/14
  7078 | D:8      | Noticed Maggie
  7086 | D:8      | Killed Maggie
  7226 | D:9      | Reached skill level 9 in Polearms
  7324 | D:9      | Noticed a two-headed ogre
  7331 | D:9      | Killed a two-headed ogre
  7497 | D:9      | Found Pekhe's General Store.
  7502 | D:9      | Bought a potion of mutation for 88 gold pieces
  7874 | D:10     | Entered Level 10 of the Dungeon
  7942 | D:10     | Reached XP level 11. HP: 52/69 MP: 17/17
  7961 | D:10     | Reached **** piety under Hepliaklqana
  8072 | D:10     | Reached skill level 10 in Polearms
  8150 | D:10     | Learned a level 1 spell: Shock
  8284 | D:10     | Noticed a two-headed ogre
  8306 | D:10     | Mangled by a two-headed ogre

Illustrated notes

Levels and vault maps discovered:
D:1:      dpeg_arrival_tiny_a, layout_basic, serial_shops, nicolae_shop_crystal,
          minmay_split_cup_large
D:2:      layout_basic, basic_altar, minmay_surrounded
D:3:      layout_basic, uniq_natasha
D:4:      layout_loops_ring, minmay_temple_entry_metal_lava
D:5:      lemuel_ratsnest, layout_basic, mainiacjoe_overflow_alcove_2,
          minmay_liquid_box, nrook_pool_corridor, uniq_ijyb
D:6:      layout_gridville
D:7:      layout_basic, minmay_parallelograms
D:8:      layout_rooms, minmay_shop_damaged, hangedman_decor_push, uniq_maggie
D:9:      layout_loops_cross, serial_shops, nicolae_square_shop,
          roderic_roman_lattice, wad_floor_pattern_2
D:10:     layout_loops_ring, lair_entry_dummy, erik_orc_3, special_room
          [special_room_orc], kb_lookout_dungeons_type

Skill      XL: |  1  2  3  4  5  6  7  8  9 10 11 |
---------------+----------------------------------+-----
Earth Magic    | 2 |  2.1
Spellcasting   | 1 3 4 |  4.7
Staves         | 1 |  1.0
Polearms       | 2 4 6 8 9 10 | 10.1
Fighting       | 4 5 6 7 8 |  8.1
Shields        | 4 5 6 7 8 |  8.2
Summonings     | 2 4 |  4.7
Axes           | |  2.8
Dodging        | |  3.8
Air Magic      | |  0.3

Action                   |  1- 3 |  4- 6 |  7- 9 | 10-12 || total
-------------------------+-------+-------+-------+-------++-------
Melee: War axe           |    55 |    30 |       |       ||    85
       Constrict         |    11 |    28 |    30 |    10 ||    79
       Tentacles         |     7 |    19 |    33 |    13 ||    72
       Staff             |       |    49 |       |       ||    49
       Demon trident     |       |    45 |   247 |   154 ||   446
       Punch             |       |     1 |     1 |     1 ||     3
Throw: Javelin           |       |       |     4 |     4 ||     8
 Cast: Call Canine Famil |       |       |       |     4 ||     4
Invok: Ancestor Life: Kn |       |       |     1 |       ||     1
  Use: Scroll            |     1 |     6 |    12 |     2 ||    21
       Potion            |     1 |       |     1 |       ||     2
 Stab: Sleeping          |     4 |     6 |     3 |     1 ||    14
       Distracted        |     1 |     1 |     1 |     2 ||     5
Armor: Skin              |    11 |    10 |     4 |     2 ||    27
Dodge: Dodged            |    40 |    52 |    73 |    41 ||   206
Block: Buckler           |    15 |    33 |    44 |    26 ||   118
